 Dungeon Crawl Stone Soup version 0.30.1-11-g7821555f0a (webtiles) character file.

Game seed: 6192597351910720073

1262 Okkudo the Cleaver (level 8, 0/74 HPs)
             Began as a Hill Orc Monk on Nov 28, 2023.
             Was a Believer of Beogh.
             Slain by an orc warrior
             ... wielding a +0 trident
              (10 damage)
             ... on level 7 of the Dungeon.
             The game lasted 00:21:38 (5328 turns).

Okkudo the Cleaver (Hill Orc Monk)                  Turns: 5328, Time: 00:21:39

Health: 0/74       AC:  5    Str: 22    XL:     8   Next: 52%
Magic:  8/8        EV: 13    Int: 10    God:    Beogh [**....]
Gold:   329        SH:  0    Dex: 13    Spells: 7/7 levels left

rFire   . . .        n - +1 hand axe (elec)
rCold   . . .        d - orb {light}
rNeg    . . .        b - +0 ring mail
rPois   .            (no helmet)
rElec   .            (no cloak)
rCorr   .            (no gloves)
SInv    .            (no boots)
Will    .....        (no amulet) Stlth
                     j - +6 ring of strength
HPRegen 0.32/turn    (no ring)
MPRegen 0.11/turn

%: no passive effects
@: confused, ambrosia-drunk, glowing
A: no striking features
a: Renounce Religion, Smiting


You were on level 7 of the Dungeon.
You worshipped Beogh.
Beogh was pleased with you.
You visited 1 branch of the dungeon, and saw 7 of its levels.

You collected 329 gold pieces.

Inventory:

Hand Weapons
 n - a +1 hand axe of electrocution (weapon)
 t - a +0 battleaxe
 B - a +0 shortbow of flaming
Armour
 b - a +0 ring mail (worn)
 d - an orb of light (worn)
Jewellery
 j - a +6 ring of strength (left hand)
Scrolls
 a - a scroll of brand weapon {unknown}
 e - 3 scrolls of silence
 g - 3 scrolls of blinking
 h - a scroll of torment {unknown}
 r - 2 scrolls of noise {unknown}
 s - 3 scrolls of identify
 v - 4 scrolls of teleportation {unknown}
 x - 2 scrolls of vulnerability {unknown}
 y - a scroll of poison {unknown}
 z - a scroll of amnesia {unknown}
Potions
 i - 2 potions of haste {unknown}
 k - a potion of attraction {unknown}
 l - 3 potions of degeneration
 m - 3 potions of brilliance {unknown}
 o - a potion of mutation {unknown}
 q - a potion of berserk rage {unknown}
 u - 2 potions of curing {unknown}
 w - a potion of flight {unknown}
 A - a potion of resistance {unknown}


   Skills:
 + Level 7.8 Fighting
 + Level 8.5 Axes
 + Level 5.4 Dodging


You had 7 spell levels left.
You didn't know any spells.
Your spell library contained the following spells:

 Spells                   Type           Power      Damage    Failure   Level
 Summon Small Mammal      Summ           0%         N/A       52%         1
 Ensorcelled Hibernation  Hex/Ice        0%         N/A       67%         2
 Passwall                 Tmut/Erth      0%         N/A       67%         2
 Call Canine Familiar     Summ           0%         N/A       88%         3
 Inner Flame              Hex/Fire       0%         N/A       88%         3
 Spider Form              Tmut/Pois      0%         N/A       88%         3
 Summon Guardian Golem    Hex/Summ       0%         N/A       88%         3
 Swiftness                Air            0%         N/A       88%         3
 Vhi's Electric Charge    Tloc/Air       0%         N/A       88%         3
 Anguish                  Hex/Necr       0%         N/A       99%         4
 Flame Wave               Conj/Fire      0%         2d4       99%         4
 Sticky Flame             Conj/Fire      0%         2d3       99%         4
 Arcjolt                  Conj/Air       0%         1d10      100%        5
 Plasma Beam              Fire/Air       0%         2x1d11    100%        6


Dungeon Overview and Level Annotations

Branches:
Dungeon (7/15)
 Temple: D:4-7

Altars:
Cheibriados
Dithmenos
Elyvilon
Uskayaw
Xom
Zin

Shops:
D:1 [=[

Annotations:
D:7 Menkaure


Message History

The orc priest is severely wounded.
The orc wizard gestures wildly while chanting.
The orc wizard flickers and vanishes for a moment.
The orc priest calls down the wrath of Beogh upon you.
Beogh smites you!
* * * LOW HITPOINT WARNING * * *
You hit the orc priest but do no damage.
The orc priest is severely wounded.
The orc priest barely misses you.
You hit the orc priest.
You kill the orc priest!
Beogh accepts your kill.
Beogh appreciates your killing of a heretic priest.
You completely miss the orc wizard.
The orc wizard hits you but does no damage.
The orc wizard points at you and mumbles some strange words.
You resist with some effort.
You barely miss the orc wizard.
You hit the orc wizard but do no damage.
The orc wizard misses you.
You hit the orc wizard.
The orc wizard is lightly wounded.
The orc wizard hits you with a +0 dagger.
* * * LOW HITPOINT WARNING * * *
You slash the orc wizard!
The orc wizard is almost dead.
The orc wizard hits you with a +0 dagger.
* * * LOW HITPOINT WARNING * * *
You slash the orc wizard!
You kill the orc wizard!
Beogh accepts your kill.
Items here: ) / [ †.
You aren't carrying any items that you can evoke.
Cleave: n) +1 hand axe (elec)
Press: ? - help, Dir - move target, f - you
Okay, then.
You are confused.
You feel invigorated.
The orc warrior hits you from afar with a +0 trident!
You die...

#.......# #...
#.......### #..#
#.........##..#
#########....#
###..#####
##o......
##########).#####.
#.......#..##
#@..)).(..##
#..o(...###
#....<..#
#########


You could see an orc warrior.

Vanquished Creatures
  A wyvern (D:7)
  A centaur (D:7)
  A phantom (D:6)
  A bullfrog (D:6)
  2 scorpions (D:5)
  3 hounds
  4 jellies
  3 orc priests
  3 iguanas
  2 sleepcaps (D:5)
  5 orc wizards
  11 adders
  7 gnolls
  A white imp (D:5)
  An ufetubus (D:5)
  5 dart slugs
  9 orcs
  5 endoplasms
  4 giant cockroaches
  7 goblins
  4 hobgoblins
  3 quokkas
  3 ball pythons
  5 bats
  5 frilled lizards
  7 kobolds
  6 rats
109 creatures vanquished.

Vanquished Creatures (others)
  A ball python (D:4)
1 creature vanquished.

Grand Total: 110 creatures vanquished

Notes
Turn   | Place    | Note
-------+----------+-------------------------------------------
     0 | D:1      | Okkudo the Hill Orc Monk began the quest for the Orb.
     0 | D:1      | Reached XP level 1. HP: 19/19 MP: 1/1
    97 | D:1      | Found Monoykof's Armour Emporium.
   283 | D:1      | You fall into a shaft and drop 1 floor!
   291 | D:2      | Reached XP level 2. HP: 27/27 MP: 2/2
   543 | D:1      | Found Maixuj's Armour Shop.
   575 | D:1      | Found a transporter.
   575 | D:1      | Found Xitwi's Jewellery Emporium.
   586 | D:1      | Reached XP level 3. HP: 33/33 MP: 3/3
   624 | D:1      | Found a faded altar of an unknown god.
   804 | D:1      | Found a transporter.
  1126 | D:2      | Reached XP level 4. HP: 41/41 MP: 4/4
  1458 | D:3      | Reached skill level 5 in Axes
  1706 | D:3      | Reached XP level 5. HP: 38/47 MP: 5/5
  1791 | D:3      | Found a shadowy altar of Dithmenos.
  1880 | D:3      | Reached skill level 5 in Fighting
  2275 | D:4      | Found a hide-covered altar of Uskayaw.
  2275 | D:4      | Found a snail-covered altar of Cheibriados.
  2499 | D:4      | Became a worshipper of Beogh the Brigand
  2499 | D:4      | Reached * piety under Beogh
  2499 | D:4      | Reached ** piety under Beogh
  2500 | D:4      | Found a glowing silver altar of Zin.
  2645 | D:4      | Reached XP level 6. HP: 52/56 MP: 6/6
  2899 | D:5      | Entered Level 5 of the Dungeon
  2912 | D:5      | Reached skill level 6 in Axes
  3155 | D:5      | Reached XP level 7. HP: 15/63 MP: 7/7
  3466 | D:5      | Found a white marble altar of Elyvilon.
  3468 | D:5      | Found a shimmering altar of Xom.
  3507 | D:5      | Reached skill level 7 in Axes
  4362 | D:6      | Identified the +0 ring mail of Hubris {Fly rC++}
  4510 | D:6      | Reached XP level 8. HP: 71/73 MP: 8/8
  4865 | D:6      | Reached skill level 5 in Dodging
  5122 | D:7      | Noticed a wyvern
  5126 | D:7      | Reached skill level 8 in Axes
  5129 | D:7      | Killed a wyvern
  5252 | D:7      | Noticed Menkaure
  5321 | D:7      | HP: 1/74 [orc wizard/+0 dagger (4)]
  5328 | D:7      | Slain by an orc warrior

Illustrated notes

Levels and vault maps discovered:
D:1:      sevenhm_arrival_forest_fort_small_4, layout_basic,
          ebering_ecumenical_altar_webs, serial_shops, shop, shop,
          nicolae_shop_drivethru
D:2:      minmay_door_path, layout_basic, grunt_decor_mini_mirrors
D:3:      layout_loops_cross, nicolae_dithmenos_the_darkroom,
          grunt_ministairs_7, st_stairs_6, serial_bayou_pond_e
D:4:      layout_loops_ring, gammafunk_temple_overflow_elements,
          lemuel_tele_altar
D:5:      layout_cave_pods, chequers_temple_overflow_statue_of_worship,
          dreamdust_princess_corridor, minmay_misc_feat_x
D:6:      layout_basic, grunt_decor_one_mirror,
          amcnicky_mini_rare_corridor_liquid
D:7:      layout_rooms, lemuel_temple_firewalk_b, serial_shops, shop,
          uniq_maggie, uniq_pikel, uniq_menkaure, uniq_crazy_yiuf_cottage,
          uniq_duvessa

Skill      XL: |  1  2  3  4  5  6  7  8 |
---------------+-------------------------+-----
Fighting       | 4 5 6 7 |  7.8
Dodging        | 3 4 5 |  5.4
Axes           | 5 6 7 8 |  8.5

Action                     |  1- 3 |  4- 6 |  7- 9 || total
---------------------------+-------+-------+-------++-------
  Melee: Hand axe          |    86 |    95 |   100 ||   281
  Throw: Dart              |       |       |     2 ||     2
         Throwing net      |       |       |     1 ||     1
 Invoke: Convert to Beogh  |       |     1 |       ||     1
    Use: Scroll            |       |     3 |       ||     3
         Potion            |       |       |     1 ||     1
 Armour: Ring mail         |    33 |    27 |    18 ||    78
         Scale mail        |     1 |       |       ||     1
  Dodge: Dodged            |    55 |    45 |    53 ||   153
